 Dungeon Sprint DCSS version 0.31-a0-986-g5e6e4ef867 (webtiles) character file.

Game seed: 10871846955105300892

5513 rocky1 the Protected (level 10, -15/145 HPs)
             Began as an Armataur Fighter on Nov 6, 2023.
             Was a High Priest of Okawaru.
             Demolished by an orc knight
             ... wielding a +1 long sword
              (22 damage)
             ... in the Dungeon (Sprint VII: "The Pits").
             The game lasted 00:05:11 (1791 turns).

rocky1 the Protected (Armataur Fighter)             Turns: 1791, Time: 00:05:11

Health: -15/145    AC: 15    Str: 25    XL:     10   Next: 43%
Magic:  16/16      EV:  8    Int:  8    God:    Okawaru [*****.]
Gold:   0          SH:  6    Dex: 11    Spells: 9/9 levels left

rFire   . . .        r - +3 morningstar
rCold   . . .        c - +0 buckler
rNeg    . . .        y - +4 chain mail
rPois   .            (no helmet)
rElec   .            (no cloak)
rCorr   .            (no gloves)
SInv    .            (no barding)
Will    .....        (no amulet) Stlth
                     (no ring)
HPRegen 0.44/turn    (no ring)
MPRegen 0.15/turn

%: no teleportation, roll
@: berserking, very quick
A: large, rugged brown scales 3, deformed body, armoured tail, roll, long
tongue, awkward tongue
a: Renounce Religion, Heroism, Finesse


You were in the Dungeon.
You worshipped Okawaru.
Okawaru was extremely pleased with you.
You visited 1 branch

Inventory:

Hand Weapons
 a - a +0 flail
 q - a +0 flail of protection
 r - a +3 morningstar (weapon)
 x - a +2 heavy morningstar
Missiles
 A - 3 poisoned darts
Armour
 b - a +0 scale mail
 c - a +0 buckler (worn)
 o - a +2 plate armour
 p - a +3 chain mail
 y - a +4 chain mail (worn)
Jewellery
 s - a +3 ring of evasion
 t - a +3 ring of intelligence
Scrolls
 j - a scroll of blinking
 l - 2 scrolls of vulnerability
 m - 5 scrolls of amnesia
 n - a scroll of summoning
Potions
 d - a potion of might
 e - 5 potions of curing
 f - 6 potions of heal wounds
 g - a potion of haste
 h - 4 potions of magic
 i - 2 potions of berserk rage
 k - 2 potions of invisibility
 u - 4 potions of brilliance
 v - a potion of resistance
 w - a potion of mutation


   Skills:
 + Level 9.4 Fighting
 + Level 13.3 Maces & Flails
 * Level 3.4 Throwing
 + Level 13.3 Armour
 + Level 4.8 Dodging
 - Level 0.8 Stealth
 + Level 11.0 Shields
 - Level 8.6 Invocations


You had 9 spell levels left.
You didn't know any spells.
Your spell library was empty.

Dungeon Overview and Level Annotations

Branches:
Dungeon (1/1)

Altars:
Ashenzari
Cheibriados
Dithmenos
Elyvilon
Fedhas
Gozag
Hepliaklqana
Kikubaaqudgha
Makhleb
Nemelex Xobeh
Okawaru
Qazlal
Ru
Sif Muna
Trog
Uskayaw
Vehumet
Wu Jian
Xom
Yredelemnul
Zin
The Shining One
Jiyva
Lugonu


Innate Abilities, Weirdness & Mutations

You are completely covered in rugged brown scales. (AC +3, +7% HP)
Armour fits poorly on your strangely shaped body.
You have a long armoured tail.
You roll when moving toward enemies. (Rampage)
Your long tongue fully drains potion bottles. (2x potion effects)
Your tongue gives you trouble enunciating. (1.5x scroll delay)


Message History

The basilisk completely misses you.
The deep elf pyromancer gestures wildly while chanting.
The deep elf pyromancer blinks!
The fire elemental hits you. The fire elemental burns you!
The fire elemental hits you. The fire elemental burns you!
The orc knight hits you with a +1 long sword!
The basilisk bites you but does no damage.
The deep elf pyromancer mumbles some strange words.
The deep elf pyromancer blinks!
The fire elemental hits you. The fire elemental burns you!
* * * LOW HITPOINT WARNING * * *
The fire elemental hits you. The fire elemental burns you!
* * * LOW HITPOINT WARNING * * *
The fire elemental hits you. The fire elemental burns you!
* * * LOW HITPOINT WARNING * * *
An orc warrior comes into view. It is wielding a +0 hand axe.
The orc knight hits you with a +1 long sword!
* * * LOW HITPOINT WARNING * * *
The deep elf pyromancer gestures wildly while chanting.
The deep elf pyromancer blinks!
The basilisk bites you but does no damage.
The fire elemental hits you. The fire elemental burns you!
* * * LOW HITPOINT WARNING * * *
The fire elemental hits you. The fire elemental burns you!
* * * LOW HITPOINT WARNING * * *
The orc warrior shouts!
The orc knight roars a battlecry!
The orc warrior goes into a battle-frenzy!
The basilisk gazes at you. You resist with some effort.
The fire elemental hits you. The fire elemental burns you!
* * * LOW HITPOINT WARNING * * *
The fire elemental hits you. The fire elemental burns you!
* * * LOW HITPOINT WARNING * * *
You turn to flesh and can move again.
You are too berserk!
You sock the fire elemental! You tail-slap the fire elemental!
The fire elemental is heavily damaged.
The orc knight hits you with a +1 long sword!!
You die...

###''###### .##''# ##
## .##..# .###. .##..#
#+# ..(.. .##†)# ##.##
.†. .##..# ##...##...
.##..####.....##.##
.##...##......#lEE#
###....÷÷.....+.@.+
###...##......#.o.#
[##..####.....##.##
.##..##.##...##...##
.##..##..##.##.....#...
)##..# #..#)#....o....#
)##..# #...†..###...##
###### ######## ####


You could see an orc knight, a basilisk, 2 fire elementals and an orc warrior
(strong).

Vanquished Creatures
  A two-headed ogre (D)
  Pikel (D)
  A smoke demon (D)
  An eye of devastation (D)
  A komodo dragon (D)
  2 kobold demonologists (D)
  A guardian mummy (D)
  A hornet (D)
  A hellwing (D)
  A tarantella (D)
  5 blink frogs (D)
  Eustachio (D)
  A basilisk (D)
  A redback (D)
  An ice beast (D)
  A kobold brigand (D)
  Blork the orc (D)
  2 necrophages (D)
  2 scorpions (D)
  4 wights (D)
  A crimson imp (D)
  A jelly (D)
  An orc priest (D)
  An orc wizard (D)
  2 adders (D)
  3 river rats (D)
  An ufetubus (D)
  A worm (D)
  3 orcs (D)
  A bat (D)
  A bat skeleton (D)
  An endoplasm (D)
  A giant cockroach (D)
  3 kobolds (D)
  A quokka (D)
  A ball python (D)
53 creatures vanquished.

Vanquished Creatures (others)
  An orc wizard (D)
1 creature vanquished.

Grand Total: 54 creatures vanquished

Notes
Turn   | Place    | Note
-------+----------+-------------------------------------------
     0 | D        | rocky1 the Armataur Fighter began the quest for the Orb.
     0 | D        | Reached XP level 1. HP: 19/19 MP: 1/1
    15 | D        | Reached XP level 2. HP: 27/27 MP: 2/2
    41 | D        | Found a bloodstained altar of Trog.
    41 | D        | Found a shimmering blue altar of Sif Muna.
    41 | D        | Found a viscous altar of Jiyva.
    41 | D        | Found a hazy altar of Hepliaklqana.
    41 | D        | Found an opulent altar of Gozag.
    42 | D        | Found a glowing golden altar of the Shining One.
    42 | D        | Found a glowing silver altar of Zin.
    42 | D        | Found a basalt altar of Yredelemnul.
    42 | D        | Found a shimmering altar of Xom.
    42 | D        | Found an ornate altar of the Wu Jian Council.
    42 | D        | Found a sacrificial altar of Ru.
    42 | D        | Found a stormy altar of Qazlal.
    42 | D        | Found an iron altar of Okawaru.
    42 | D        | Found a sparkling altar of Nemelex Xobeh.
    42 | D        | Found a burning altar of Makhleb.
    42 | D        | Found a blossoming altar of Fedhas.
    42 | D        | Found a white marble altar of Elyvilon.
    42 | D        | Found a shadowy altar of Dithmenos.
    42 | D        | Found a snail-covered altar of Cheibriados.
    45 | D        | Found a corrupted altar of Lugonu.
    45 | D        | Found a radiant altar of Vehumet.
    46 | D        | Found an ancient bone altar of Kikubaaqudgha.
    46 | D        | Found a hide-covered altar of Uskayaw.
    46 | D        | Found a broken altar of Ashenzari.
    52 | D        | Became a worshipper of Warmaster Okawaru
    72 | D        | Reached skill level 1 in Invocations
   121 | D        | Reached skill level 5 in Armour
   183 | D        | Reached XP level 3. HP: 12/35 MP: 4/4
   400 | D        | Noticed an ice beast
   400 | D        | Noticed a lemure
   400 | D        | Noticed Pikel
   400 | D        | Noticed Blork the orc
   400 | D        | Noticed a lemure
   406 | D        | Noticed a lemure
   412 | D        | Noticed a lemure
   416 | D        | Killed an ice beast
   417 | D        | Reached skill level 1 in Dodging
   417 | D        | Reached XP level 4. HP: 43/43 MP: 4/6
   417 | D        | Reached XP level 5. HP: 50/50 MP: 4/7
   417 | D        | Reached * piety under Okawaru
   418 | D        | Reached skill level 5 in Fighting
   422 | D        | Killed Blork the orc
   433 | D        | Killed Pikel
   433 | D        | Reached ** piety under Okawaru
   433 | D        | Reached *** piety under Okawaru
   434 | D        | Reached XP level 6. HP: 45/62 MP: 5/11
   434 | D        | Reached XP level 7. HP: 49/68 MP: 5/12
   683 | D        | Noticed a tarantella
   696 | D        | Killed a tarantella
   696 | D        | Reached **** piety under Okawaru
   705 | D        | Reached skill level 10 in Armour
   705 | D        | Reached XP level 8. HP: 35/78 MP: 13/13
   937 | D        | Noticed a smoke demon
   976 | D        | Killed a smoke demon
  1275 | D        | Noticed a guardian mummy
  1280 | D        | Noticed a two-headed ogre
  1287 | D        | Killed a guardian mummy
  1290 | D        | Killed a two-headed ogre
  1290 | D        | Reached ***** piety under Okawaru
  1291 | D        | Reached skill level 10 in Maces & Flails
  1291 | D        | Reached XP level 9. HP: 86/86 MP: 15/15
  1409 | D        | Noticed a hellwing
  1426 | D        | Killed a hellwing
  1427 | D        | Reached skill level 10 in Shields
  1473 | D        | Received a gift from Okawaru
  1474 | D        | Reached XP level 10. HP: 62/96 MP: 12/16
  1679 | D        | Noticed Eustachio
  1693 | D        | Reached skill level 1 in Throwing
  1705 | D        | Killed Eustachio
  1772 | D        | Noticed an eye of devastation
  1773 | D        | Noticed a deep elf pyromancer
  1779 | D        | Killed an eye of devastation
  1783 | D        | Noticed an orc knight
  1790 | D        | HP: 7/145 [fire elemental[a deep elf pyromancer] (5)]
  1791 | D        | Demolished by an orc knight

Illustrated notes

Levels and vault maps discovered:
D:        pitsprint [storerooms_1, entrance_room_1, metal_vault_3, armoury_3,
          mini_pit_1, grid_room_1, main_hall_1, silver_pit, the_coven_2,
          the_vestibule_1, steel_vault_2, golden_pit, hallway_of_sentries,
          crystal_vault_1, iron_vault_1, final_vault]

Skill      XL: |  1  2  3  4  5  6  7  8  9 10 |
---------------+-------------------------------+-----
Fighting       | 3 4 6 7 8 9 |  9.4
Maces & Flails | 2 3 7 10 12 13 | 13.3
Armour         | 4 5 6 9 10 11 12 13 | 13.3
Shields        | 4 6 8 9 10 11 | 11.0
Invocations    | 1 3 6 7 8 |  8.6
Dodging        | 1 2 3 4 |  4.8
Throwing       | 3 |  3.4
Stealth        | |  0.8

Action                     |  1- 3 |  4- 6 |  7- 9 | 10-12 || total
---------------------------+-------+-------+-------+-------++-------
  Melee: Flail             |    42 |    17 |    88 |       ||   147
         Tailslap          |     6 |       |    27 |     7 ||    40
         Morningstar       |       |       |    69 |    45 ||   114
  Throw: Javelin           |       |       |       |     1 ||     1
 Invoke: Heroism           |       |       |     3 |     1 ||     4
         Finesse           |       |       |     1 |       ||     1
    Use: Potion            |     2 |       |     4 |     1 ||     7
 Armour: Scale mail        |    49 |       |       |       ||    49
         Chain mail        |     6 |     7 |   105 |    79 ||   197
  Dodge: Dodged            |    25 |     2 |    30 |    20 ||    77
  Block: Buckler           |    18 |     2 |    42 |    13 ||    75

Table legend: (Time is in decaauts)
 A = Elapsed time spent in this place.
 B = Non-inter-level travel time spent in this place.
 C = Inter-level travel time spent in this place.
 D = Time resting spent in this place.
 E = Time spent auto-exploring this place.
 F = Levels seen in this place.
 G = Mean time per level.
                   A        B        C        D        E       F      G
               +--------+--------+--------+--------+--------+-----+--------+
         Total |   1761 |   1658 |    103 |   1118 |      0 |   1 | 1761.0 |
       Dungeon |   1761 |   1658 |    103 |   1118 |      0 |   1 | 1761.0 |
               +--------+--------+--------+--------+--------+-----+--------+

Top non-repeatable levels by time:
       D: 1761 daAuts
